Map: King's Cove LE

Players

ShoWTimE - Winner!

  • Race: Protoss Protoss
  • League: Grandmaster
  • Spawn Location: 11:00

DnS

  • Race: Protoss Protoss
  • Spawn Location: 5:00

Event: 2019 WCS Winter Europe

VOD

Have the link to the VOD?

Description

Time

  • Played on: Feb. 16, 2019, 11:19 a.m.
  • Length: 11:32

All games in this series

Show
View Real Time Build Order
Export as new Build Order

ShoWTimE Protoss - Winner!

Build Orders: Oracle Opening, Zealot Archon 

Get SALT Encoding   

  12  0:00  Probe  
  13  0:12  Probe  
  14  0:17  Pylon  
  14  0:24  Probe  
  15  0:32  Probe  
  15  0:37  Gateway  
  15  0:40  Probe  
  16  0:46  Assimilator  
  17  0:50  Probe  
  17  0:55  Assimilator  
  18  0:58  Probe  
  19  1:06  Probe  
  20  1:12  Gateway  
  20  1:17  Probe  
  21  1:26  Cybernetics Core  
  21  1:29  Probe  
  22  1:36  Pylon  
  22  1:41  Probe  
  23  1:54  Probe  
  24  2:02  Adept x2  
  24  2:03  Warp Gate  
  28  2:11  Pylon  
  28  2:32  Adept x2  
  28  2:33  Stargate  
  32  2:57  Nexus  
  32  3:01  Probe  
  33  3:06  Oracle  
  33  3:15  Probe  
  37  3:23  Pylon  
  37  3:27  Probe  
  38  3:34  Oracle  
  38  3:43  Probe  
  42  3:48  Shield Battery  
  42  3:57  Probe, Robotics Facility  
  43  4:08  Shield Battery  
  43  4:09  Probe  
  44  4:12  Probe  
  45  4:17  Probe  
  45  4:20  Probe  
  46  4:25  Stalker x2, Probe  
  46  4:28  Probe  
  52  4:35  Probe  
  54  4:40  Probe  
  54  4:43  Pylon  
  54  4:45  Immortal  
  59  4:53  Probe  
  59  4:54  Sentry  
  62  5:00  Pylon  
  62  5:01  Probe  
  62  5:05  Probe  
  64  5:11  Sentry  
  64  5:13  Probe  
  65  5:14  Immortal  
  65  5:15  Forge  
  65  5:17  Probe  
  60  5:25  Probe  
  65  5:29  Assimilator, Protoss Ground Weapons Level 1  
  65  5:31  Assimilator, Probe  
  66  5:37  Probe  
  66  5:39  Twilight Council  
  67  5:49  Pylon  
  67  5:51  Zealot x2  
  71  6:04  Gateway  
  71  6:07  Gateway  
  71  6:10  Observer  
  72  6:15  Charge  
  72  6:25  Gateway  
  72  6:28  Gateway  
  72  6:32  Gateway  
  72  6:36  Templar Archives  
  72  6:37  Gateway  
  72  6:38  Warp Prism  
  74  6:48  Protoss Ground Weapons Level 2  
  74  6:59  Pylon  
  74  7:03  Nexus  
  74  7:07  Pylon  
  74  7:08  Probe x2  
  74  7:13  High Templar x2  
  80  7:18  Archon  
  80  7:20  Zealot x3  
  86  7:38  High Templar x2  
  86  7:39  Zealot  
  86  7:42  Archon  
  86  7:43  Pylon  
  92  8:00  Zealot x4  
  92  8:04  Probe x2  
  102  8:05  High Templar x2  
  102  8:08  Pylon  
  102  8:09  Archon  
  106  8:14  Pylon  
  106  8:25  Zealot x4  
  106  8:26  Pylon  
  114  8:34  High Templar x2  
  118  8:35  Probe x2, Pylon  
  118  8:36  Probe  
  118  8:38  Archon  
  118  8:39  Protoss Shields Level 1  
  121  8:42  Pylon  
  121  8:59  Zealot x5  
  121  9:00  Pylon  
  132  9:02  Probe  
  132  9:03  Probe  
  133  9:18  High Templar x2  
  133  9:19  Zealot x5  
  133  9:21  Zealot  
  149  9:24  Archon  
  149  9:26  Photon Cannon  
  149  9:30  Photon Cannon  
  149  9:40  Probe  
  150  9:49  High Templar x2  
  150  9:51  Zealot x6  
  166  9:54  Archon  
  166  10:02  Pylon  
  166  10:03  Pylon  
  166  10:07  Nexus  
  166  10:08  Pylon  
  166  10:14  Zealot, High Templar x2  
  170  10:18  Archon  
  172  10:23  Pylon  
  172  10:27  Pylon  
  172  10:40  Zealot x3, High Templar x2  
  172  10:41  Zealot  
  184  10:44  Archon  
  160  10:59  Zealot x2  
  160  11:01  Zealot x4  
  124  11:18  Zealot x2  
  116  11:23  Zealot x4  
  116  11:24  Zealot x2  
Show
View Real Time Build Order
Export as new Build Order

DnS Protoss 

Build Orders: Blink Stalkers, Zealot Archon 

Get SALT Encoding   

  12  0:00  Probe  
  13  0:12  Probe  
  14  0:18  Pylon  
  14  0:24  Probe  
  15  0:32  Probe  
  15  0:37  Gateway  
  15  0:40  Probe  
  16  0:47  Assimilator  
  17  0:51  Probe  
  17  0:55  Assimilator  
  18  1:00  Probe  
  19  1:10  Probe, Gateway  
  20  1:19  Probe  
  21  1:25  Cybernetics Core  
  21  1:31  Probe  
  22  1:36  Pylon  
  22  1:43  Probe  
  23  1:55  Probe  
  24  2:02  Stalker, Sentry  
  24  2:03  Warp Gate  
  28  2:09  Probe  
  28  2:12  Pylon  
  29  2:40  Nexus  
  29  2:46  Probe  
  29  2:50  Stalker  
  32  2:57  Sentry  
  33  3:05  Shield Battery  
  33  3:07  Probe  
  34  3:13  Twilight Council  
  34  3:15  Probe  
  35  3:23  Probe  
  35  3:25  Pylon  
  36  3:34  Probe  
  37  3:41  Shield Battery  
  37  3:43  Blink  
  37  3:51  Stalker x2  
  37  3:53  Probe  
  42  4:01  Probe  
  43  4:05  Probe  
  44  4:13  Probe  
  44  4:15  Stalker x2  
  44  4:16  Probe  
  49  4:21  Probe  
  50  4:24  Probe  
  50  4:29  Probe  
  52  4:32  Probe  
  52  4:38  Stalker  
  56  4:40  Stalker  
  56  4:43  Probe  
  59  4:50  Probe  
  59  4:51  Forge  
  60  4:54  Pylon  
  60  4:57  Probe  
  61  5:02  Assimilator  
  61  5:03  Shield Battery  
  59  5:08  Protoss Ground Weapons Level 1  
  59  5:12  Stalker  
  59  5:13  Stalker  
  58  5:15  Probe x2  
  59  5:22  Assimilator  
  59  5:23  Probe x2  
  61  5:31  Probe  
  61  5:32  Probe  
  61  5:35  Robotics Facility  
  61  5:40  Sentry  
  65  5:43  Probe x2, Pylon  
  67  5:58  Charge  
  67  6:01  Gateway  
  67  6:02  Gateway  
  67  6:15  Templar Archives  
  67  6:16  Gateway  
  67  6:17  Gateway  
  67  6:25  Observer  
  68  6:37  Pylon  
  68  6:46  Immortal  
  71  6:49  Probe x2  
  73  6:55  Protoss Ground Weapons Level 2  
  73  6:59  Nexus  
  73  7:03  Zealot x4  
  81  7:14  Probe  
  83  7:18  High Templar x2  
  83  7:22  Pylon  
  86  7:23  Archon  
  86  7:29  Gateway  
  86  7:30  Gateway  
  86  7:34  Photon Cannon  
  86  7:40  Probe x2  
  86  7:44  Immortal  
  92  7:50  High Templar  
  94  7:55  Pylon  
  94  8:01  Pylon  
  94  8:03  Pylon  
  94  8:11  High Templar, Pylon  
  94  8:12  High Templar x2  
  100  8:13  Zealot x2  
  100  8:16  Archon x2  
  100  8:19  Immortal  
  108  8:34  High Templar  
  108  8:35  Zealot x3, High Templar  
  108  8:38  Probe x2  
  108  8:39  Archon  
  120  8:42  Protoss Ground Weapons Level 3  
  120  8:47  Pylon  
  120  8:55  Zealot x4, Assimilator  
  126  8:58  Pylon  
  128  9:04  Probe x3  
  131  9:21  Assimilator  
  131  9:32  Zealot  
  131  9:33  Zealot x7  
  147  9:43  Pylon  
  147  9:44  Pylon  
  147  9:48  Pylon  
  147  9:52  Pylon  
  147  10:01  Immortal  
  147  10:03  High Templar x4  
  159  10:07  Observer  
  159  10:08  Archon x2  
  159  10:10  Observer  
  159  10:12  Zealot x2  
  159  10:13  Zealot x2  
  167  10:17  Pylon  
  167  10:20  Phoenix  
  167  10:33  High Templar x4  
  172  10:37  Zealot x4  
  172  10:38  Archon x2  
  172  10:41  Photon Cannon  
  155  11:02  Zealot x4  
  136  11:07  Zealot x4  
  136  11:08  Archon  
  78  11:24  Zealot x4  
  66  11:27  Zealot x4  
Tags
 
Add a new tag
Caveats
  • Supply blocks, unpowered buildings, or Contaminate may cause inaccurate times.
  • Supply counts are checked every 10 seconds.